 Dungeon Crawl Stone Soup version 0.28-b1-70-g80dc712255 (webtiles) character file.

Game seed: 4091696749899413859

485 adizb the Caller (level 7, 0/39 HPs)
             Began as a Tengu Summoner on Feb 4, 2022.
             Was an Initiate of the Shining One.
             Slain by a wight (9 damage)
             ... on level 5 of the Dungeon.
             The game lasted 00:35:37 (3510 turns).

adizb the Caller (Tengu Summoner)                   Turns: 3510, Time: 00:35:38

Health: 0/39       AC:  4    Str:  8    XL:     7   Next: 13%
Magic:  5/12       EV: 14    Int: 24    God:    the Shining One [......]
Gold:   135        SH:  0    Dex: 14    Spells: 4/12 levels left

rFire   . . .      SeeInvis .     - Unarmed
rCold   . . .      Faith    .   (no shield)
rNeg    . . .      Spirit   .   d - +0 leather armour
rPois   .          Reflect  .   (helmet restricted)
rElec   .          Harm     .   (no cloak)
rCorr   .          Rampage  .   c - +0 pair of gloves
Will    .....                   (boots unavailable)
Stlth   +.........              (no amulet)
HPRegen 0.13/turn               j - +6 ring of intelligence
MPRegen 0.13/turn               (no ring)

@: flying quickly and evasively, glowing, quick
A: beak, talons 3, nimble flight
a: Renounce Religion


You were on level 5 of the Dungeon.
You worshipped the Shining One.
The Shining One was noncommittal.
You visited 2 branches of the dungeon, and saw 6 of its levels.

You collected 135 gold pieces.

Inventory:

Armour
 a - a +0 robe
 c - a +0 pair of gloves (worn)
 d - a +0 leather armour (worn)
 o - a scarf of harm
Jewellery
 j - a +6 ring of intelligence (left hand)
Scrolls
 e - a scroll of holy word {unknown}
 f - a scroll of identify {unknown}
 h - a scroll of enchant armour {unknown}
 m - a scroll of noise {unknown}
 n - a scroll of brand weapon {unknown}
Potions
 b - a potion of attraction
 g - a potion of haste {unknown}
 i - a potion of might {unknown}
 k - a potion of degeneration {unknown}
 l - a potion of heal wounds {unknown}


   Skills:
 + Level 1.8 Fighting
 + Level 2.2 Armour
 + Level 3.3 Dodging
 - Level 2.0 Stealth
 + Level 2.1 Shields
 + Level 1.9 Unarmed Combat
 + Level 3.0 Spellcasting
 * Level 6.3 Summonings
 * Level 3.2 Air Magic


You had 4 spell levels left.
You knew the following spells:

 Your Spells              Type           Power      Damage    Failure   Level
a - Summon Small Mammal   Summ           100%       N/A       1%          1
b - Call Imp              Summ           34%        N/A       1%          2
c - Call Canine Familiar  Summ           34%        N/A       3%          3
d - Poisonous Vapours     Pois/Air       22%        N/A       12%         2

Your spell library contained the following spells:

 Spells                   Type           Power      Damage    Failure   Level
 Corpse Rot               Necr/Air       22%        N/A       12%         2
 Summon Guardian Golem    Hex/Summ       18%        N/A       12%         3
 Scorch                   Fire           6%         2d5       22%         2
 Summon Lightning Spire   Summ/Air       26%        N/A       22%         4
 Flame Wave               Conj/Fire      3%         2d4       83%         4
 Summon Cactus Giant      Summ           17%        N/A       86%         6


Dungeon Overview and Level Annotations

Branches:
Dungeon (5/15)             Temple (1/1) D:4

Altars:
Ashenzari
Cheibriados
Dithmenos
Elyvilon
Fedhas
Gozag
Hepliaklqana
Kikubaaqudgha
Makhleb
Nemelex Xobeh
Okawaru
Qazlal
Ru
Sif Muna
Trog
Uskayaw
Vehumet
Wu Jian
Xom
Yredelemnul
Zin
The Shining One

Shops:
D:2 =

Annotations:
D:5 2 transporters, GilGalad's ghost, novice MiFi


Innate Abilities, Weirdness & Mutations

You have a beak for a mouth.
You have claws for feet.
Your magical nature lets you fly swiftly and evasively.


Message History

Your wolf's corpse disappears in a puff of smoke!
The wight barely misses your bat.
The wight hits your bat with a +4 battleaxe!
Your bat dies!
Your bat's corpse disappears in a puff of smoke!
Casting: Call Canine Familiar (dangerous; 3% risk of failure)
Press: ? - help, Q - select action, (/) - cycle Dir - look around, f - activate Your hound bites the wight.
What are your orders? t - Shout!
Orders for allies: a - Attack new target. r - Retreat! s - Stop attacking. g - Guard the area. f - Follow me.
Anything else - Cancel.
Gang up on whom?
Press: ? - help, Dir - move target, f - wight
Aim: a wight, wielding a +4 battleaxe and wearing a +0 robe (severely damaged, ally target) Attack!
Your hound bites the wight but does no damage.
Your hound bites the wight.
The wight misses your hound.
Your hound bites the wight.
The wight is destroyed!
The Shining One accepts your kill.
Your life force feels restored.
What are your orders? t - Shout!
Orders for allies: a - Attack new target. r - Retreat! s - Stop attacking. g - Guard the area. f - Follow me.
Anything else - Cancel.
Gang up on whom?
Press: ? - help, Dir - move target, f - wight
Aim: a wight, wielding a +5 dagger of freezing and wearing a +0 robe (severely damaged) Attack!
Your hound bites the wight but does no damage. x2
You hit the wight but do no damage.
The wight is severely damaged.
Your hound bites the wight but does no damage.
The wight hits you with a +5 dagger of freezing!
You die...

## #.####....# ##.
.####....# ....
.........####### .....
.........#.....#
)...#.########..#..)#.....#.
..........................'.
....#.#.##.)§z§hz###......##
... # #.##...§.#z# #o.....#
... #.##.....#@###.##...#
... #.##.....#..##.# ...# .
#.######....##.# ..# #.#
#.....#)# ..## #.. #...#.#.#
..# ## #...#.#.##..# .##
'...#.......#..##
.#...#...)...#..##
#...##..>......#


You could see 2 wights and a friendly hound (summoned).

Vanquished Creatures
  An adder (D:3)
  A worm (D:2)
  An orc (D:3)
  2 endoplasms
  A giant cockroach (D:2)
  2 goblins
  A hobgoblin (D:2)
  A quokka (D:2)
  2 ball pythons
  2 bats
  A frilled lizard (D:3)
  2 rats
17 creatures vanquished.

Vanquished Creatures (collateral kills)
  A necrophage (D:3)
  An ogre (D:5)
  2 wights (D:5)
  A jelly (D:4)
  A bullfrog skeleton (D:3)
  An iguana (D:5)
  A gnoll (D:5)
  3 adders
  A white imp (D:5)
  An ufetubus (D:5)
  A worm (D:2)
  2 dart slugs
  4 orcs
  3 endoplasms
  5 giant cockroaches
  4 goblins
  5 hobgoblins
  4 quokkas
  6 ball pythons
  4 bats
  4 frilled lizards (D:1)
  11 kobolds
  3 rats (D:1)
69 creatures vanquished.

Vanquished Creatures (others)
  A plant (D:5)
1 creature vanquished.

Grand Total: 87 creatures vanquished

Notes
Turn   | Place    | Note
-------+----------+-------------------------------------------
     0 | D:1      | adizb the Tengu Summoner began the quest for the Orb.
     0 | D:1      | Reached XP level 1. HP: 10/10 MP: 4/4
   116 | D:1      | Reached skill level 5 in Summonings
   130 | D:1      | Reached XP level 2. HP: 10/15 MP: 1/6
   169 | D:1      | Learned a level 2 spell: Call Imp
   386 | D:1      | Reached XP level 3. HP: 17/19 MP: 7/7
   416 | D:1      | Reached skill level 1 in Shields
   482 | D:1      | Reached skill level 1 in Armour
   624 | D:1      | Found a faded altar of an unknown god.
   877 | D:2      | Found Lyablawnya's One-of-a-Kind Rings.
  1157 | D:2      | Reached XP level 4. HP: 3/24 MP: 2/8
  1358 | D:2      | Found an opulent altar of Gozag.
  1388 | D:2      | Learned a level 3 spell: Call Canine Familiar
  1719 | D:3      | Reached skill level 1 in Air Magic
  1720 | D:3      | Noticed a necrophage
  1759 | D:3      | Killed a necrophage
  1760 | D:3      | Reached skill level 1 in Fighting
  1760 | D:3      | Reached skill level 1 in Unarmed Combat
  1760 | D:3      | Gained mutation: Your magical nature lets you fly swiftly
                  | and evasively. [Tengu growth]
  1760 | D:3      | Reached XP level 5. HP: 18/29 MP: 2/10
  1778 | D:3      | Found a stormy altar of Qazlal.
  1860 | D:3      | Reached XP level 6. HP: 12/34 MP: 11/11
  2345 | D:4      | Found a staircase to the Ecumenical Temple.
  2357 | D:4      | Reached skill level 6 in Summonings
  2371 | Temple   | Entered the Ecumenical Temple
  2812 | Temple   | Became a worshipper of the Shining One
  2853 | D:4      | Learned a level 2 spell: Poisonous Vapours
  3004 | D:5      | Entered Level 5 of the Dungeon
  3065 | D:5      | HP: 1/34 [iguana (12)]
  3390 | D:5      | Noticed a water moccasin
  3434 | D:5      | Found a transporter.
  3435 | D:5      | Noticed GilGalad's ghost (novice MiFi)
  3435 | D:5      | Identified the +4 dire flail "Irghan" {protect, Fly Will++
                  | Dex+7}
  3440 | D:5      | Found a transporter.
  3499 | D:5      | Reached XP level 7. HP: 20/39 MP: 7/12
  3510 | D:5      | Slain by a wight

Illustrated notes

Levels and vault maps discovered:
D:1:      minmay_arrival_split_and_join, layout_loops_ring,
          basic_ecumenical_altar
D:2:      cheibrodos_helix_gallery, layout_loops_ring, basic_altar,
          chequers_arboretum, chequers_jeans, palyth_stone_intersect,
          minmay_misc_feat_columns, minmay_misc_feat_chi,
          minmay_misc_feat_pillars, nicolae_shop_unique_rings,
          serial_bayou_pond_d, eino_curves_01, kennysheep_nub,
          chequers_serial_rivers_large_a, minmay_close_crescents
D:3:      layout_rooms, grunt_qazlal_sundering, chequers_serial_rivers_small_a
D:4:      layout_rooms, minmay_temple_entry_sparse_star
D:5:      layout_basic, gammafunk_ghost_smash, minmay_holes,
          serial_bayou_pond_e, hangedman_glass_teeth, minmay_diced_spiral
Temple:   mainiacjoe_temple_circle_huts

Skill      XL: |  1  2  3  4  5  6 |
---------------+-------------------+-----
Summonings     | 5 6 |  6.3
Shields        | 1 2 |  2.1
Armour         | 1 2 |  2.2
Air Magic      | 1 2 3 |  3.2
Fighting       | 1 |  1.8
Dodging        | 3 |  3.3
Unarmed Combat | 1 |  1.9
Spellcasting   | 3 |  3.0
Stealth        | |  2.0

Action                   |  1- 3 |  4- 6 |  7- 9 || total
-------------------------+-------+-------+-------++-------
Melee: Unarmed           |    43 |    51 |     1 ||    95
       Kick              |     8 |    11 |       ||    19
       Peck              |     7 |    17 |       ||    24
       Punch             |       |     1 |       ||     1
 Cast: Summon Small Mamm |    16 |     5 |     1 ||    22
       Call Imp          |    15 |     7 |       ||    22
       Call Canine Famil |       |    11 |     1 ||    12
  Use: Scroll            |     1 |     2 |       ||     3
       Potion            |       |     3 |       ||     3
Armor: Robe              |    21 |       |       ||    21
       Leather armour    |       |     9 |       ||     9
Dodge: Dodged            |    48 |    50 |       ||    98
